cohdb
Replays
Latest Replays
All Replays
Popular Replays
Top Player Replays
Match Explorer
How It Works
Community
CoH3 Stats
Reddit
Sign in to upload your games and track your stats! →
Sign in with Steam
Match 46650708
Unlisted
Match 46650708
Overview
Messages
Build Orders
End
Kradschützen Motorcycle Team
Selects Italian Infantry
Panzerpioneer Squad
Panzergrenadier Squad
Construct Light Support Kompanie
MG34 Team
Fire Support Elements
Panzerjäger Mechanized Group
Flakvierling Half-track
Selects Guastatori Squad
Selects L6/40 Light Tank Combat Group
Vehicle Survival Package
Tungsten Core Ammunition
2.5-tonne Medical Truck
Guastatori Squad
Construct Panzerarmee Kommand
Selects Towed Cannone da 105/28 Field Howitzer
Towed Cannone da 105/28 Field Howitzer
Selects Sound the Alarm
Selects Territory Booby Traps
Construct Panzerarmee Kommand
Selects Propaganda War
Panzer III L Medium Tank
Samp
Dark Lord Cthulhu
0
0
Comments
sign in to comment!
No comments posted yet!